 Dungeon Crawl Stone Soup version 0.23.2 (webtiles) character file.

Game seed: 6631979086049752647

693 Gingko the Changer (level 7, -2/67 HPs)
             Began as a Troll Transmuter on Apr 7, 2019.
             Slain by a slave (8 damage)
             ... led by Pikel
             ... on level 5 of the Dungeon.
             The game lasted 00:18:31 (3801 turns).

Gingko the Changer (Troll Transmuter)               Turns: 3801, Time: 00:18:32

Health: -2/67      AC:  6    Str: 19    XL:     7   Next: 37%
Magic:  4/10       EV: 10    Int: 11    God:
Gold:   131        SH:  0    Dex: 10    Spells: 9/12 levels left

rFire    . . .     SeeInvis .     - Unarmed
rCold    . . .     Gourm    +   (no shield)
rNeg     . . .     Faith    .   b - +0 robe
rPois    .         Spirit   .   (helmet restricted)
rElec    .         Reflect  .   (no cloak)
rCorr    .         Harm     .   (gloves unavailable)
MR       .....                  (boots unavailable)
Stlth    +.........             (no amulet)
HPRegen  0.61/turn              (no ring)
MPRegen  0.12/turn              (no ring)

@: very slightly contaminated
A: large, unfitting armour, claws 3, fast metabolism 3, gourmand, regeneration
1, shaggy fur 1, tough skin 3
a: no special abilities


You were on level 5 of the Dungeon.
You were completely stuffed.

You visited 1 branch of the dungeon, and saw 5 of its levels.

You collected 131 gold pieces.

Inventory:

Missiles
 a - 5 arrows
 p - 87 stones (quivered)
 y - 12 tomahawks
Armour
 b - a +0 robe (worn)
 e - a +2 buckler
Jewellery
 h - a cursed amulet of inaccuracy {unknown}
Scrolls
 c - 5 scrolls of identify {unknown}
 f - a scroll of fog {unknown}
 g - 3 scrolls of amnesia {unknown}
 i - a scroll of random uselessness {unknown}
 k - 2 scrolls of remove curse {unknown}
 n - a scroll of blinking {unknown}
 q - a scroll of magic mapping {unknown}
 t - 2 scrolls of enchant armour {unknown}
 v - a scroll of fear {unknown}
 x - a scroll of immolation {unknown}
 A - 2 scrolls of teleportation {unknown}
Potions
 j - a potion of curing {unknown}
 l - 2 potions of magic {unknown}
 m - 2 potions of flight {unknown}
 o - 3 potions of heal wounds {unknown}
 r - 2 potions of lignification {unknown}
 s - 2 potions of haste {unknown}
 u - 2 potions of mutation {unknown}
 z - a potion of degeneration {unknown}
Comestibles
 d - 9 rations
 w - 7 chunks of flesh


   Skills:
 - Level 3.0 Fighting
 - Level 1.5 Dodging
 - Level 3.0 Unarmed Combat
 - Level 3.0 Spellcasting
 + Level 4.5 Transmutations


You had 9 spell levels left.
You knew the following spells:

 Your Spells              Type           Power        Failure   Level  Hunger
a - Beastly Appendage     Tmut           ##....       4%          1    #......
b - Sticks to Snakes      Tmut           ##......     6%          2    ###....

Your spell library contained the following spells:

 Spells                   Type           Power        Failure   Level  Hunger
 Spider Form              Tmut/Pois      #.........   30%         3    ###....
 Ice Form                 Ice/Tmut       #.......     71%         4    #####..
 Blade Hands              Tmut           ##........   75%         5    ######.


Dungeon Overview and Level Annotations

Branches:
Dungeon (4/15)
 Temple: D:4-7

Altars:
Nemelex Xobeh
Uskayaw

Annotations:
D:5 Pikel


Innate Abilities, Weirdness & Mutations

You are too large for most types of armour.
You have claws for hands.
Your metabolism is lightning-fast.
You like to eat raw meat.
Your natural rate of healing is unusually fast.
You are covered in fur. (AC +1)
You have extremely tough skin. (AC +3)


Message History

Pikel is almost dead.
Pikel hits you with a +1 whip of freezing.
* * * LOW HITPOINT WARNING * * *
Pikel freezes you.
* * * LOW HITPOINT WARNING * * *
The slave barely misses you.
You closely miss Pikel.
Pikel is almost dead.
The slave hits you but does no damage. Pikel hits you but does no damage.
The slave closely misses you.
You barely miss Pikel.
Pikel is almost dead.
The slave hits you.
* * * LOW HITPOINT WARNING * * *
Pikel hits you with a +1 whip of freezing.
* * * LOW HITPOINT WARNING * * *
Pikel freezes you.
* * * LOW HITPOINT WARNING * * *
The slave hits you!
You die...

#...........######
#.>......÷÷....... .
##...###'###.......
..
##....#≈≈≈≈≈#..#####
...##.. ..#≈≈≈≈≈#.##
# #..... ..#≈≈≈≈≈###
##...p#. #≈≈≈≈≈#
#...pKp#####'###
#@p##....# #
##..##..## #
##.....## #.
#.....## #. #......#
.# #.##...## ## #.#
##.#.# ## #####


You could see Pikel and 4 slaves.

Vanquished Creatures
  Grinder (D:3)
  A phantom (D:4)
  A scorpion (D:4)
  An orc wizard (D:3)
  2 orc priests (D:3)
  3 bullfrog skeletons
  Robin (D:2)
  6 adders
  An ooze (D:3)
  2 worms
  2 leopard geckos
  10 orcs
  8 bats
  3 giant cockroaches
  15 goblins
  5 hobgoblins
  4 jackals (D:4)
  3 kobolds
  2 quokkas (D:3)
  2 frilled lizards
  4 rats
77 creatures vanquished.

Vanquished Creatures (collateral kills)
  An ogre (D:4)
1 creature vanquished.

Grand Total: 78 creatures vanquished

Notes
Turn   | Place    | Note
-------+----------+-------------------------------------------
     0 | D:1      | Gingko the Troll Transmuter began the quest for the Orb.
     0 | D:1      | Reached XP level 1. HP: 18/18 MP: 1/1
   311 | D:1      | Reached skill level 1 in Fighting
   423 | D:1      | Reached XP level 2. HP: 27/27 MP: 3/3
  1189 | D:2      | Reached XP level 3. HP: 29/33 MP: 4/4
  1573 | D:2      | Reached skill level 2 in Transmutations
  1807 | D:2      | Noticed Robin
  1814 | D:2      | Killed Robin
  1814 | D:2      | Reached XP level 4. HP: 37/42 MP: 5/5
  1933 | D:2      | Found a hide-covered altar of Uskayaw.
  2068 | D:2      | Found a sparkling altar of Nemelex Xobeh.
  2439 | D:3      | Noticed Grinder
  2449 | D:3      | Killed Grinder
  2449 | D:3      | Reached skill level 3 in Transmutations
  2449 | D:3      | Reached XP level 5. HP: 42/53 MP: 5/7
  2449 | D:3      | Reached XP level 6. HP: 48/61 MP: 5/8
  2453 | D:3      | Learned a level 2 spell: Sticks to Snakes
  3387 | D:4      | Reached XP level 7. HP: 55/67 MP: 10/10
  3499 | D:4      | Reached skill level 4 in Transmutations
  3714 | D:4      | You fall through a shaft!
  3714 | D:5      | Entered Level 5 of the Dungeon
  3784 | D:5      | Noticed Pikel
  3801 | D:5      | Slain by a slave

Skill      XL: |  1  2  3  4  5  6  7 |
---------------+----------------------+-----
Fighting       | 1 3 |  3.0
Transmutations | 2 3 4 |  4.5
Spellcasting   | 2 3 |  3.0
Dodging        | |  1.5
Unarmed Combat | |  3.0

Action                   |  1- 3 |  4- 6 |  7- 9 || total
-------------------------+-------+-------+-------++-------
Melee: Unarmed           |    99 |   136 |    44 ||   279
       Punch             |       |     4 |       ||     4
       Kick              |       |     2 |       ||     2
Throw: Stone             |       |     1 |       ||     1
 Cast: Beastly Appendage |       |     1 |       ||     1
       Sticks to Snakes  |       |       |     7 ||     7
 Stab: Sleeping          |     1 |       |       ||     1
  Eat: Chunk             |    18 |    18 |     5 ||    41
Armor: Robe              |    26 |    54 |     7 ||    87
Dodge: Dodged            |    48 |    52 |    21 ||   121
